 Dungeon Crawl Stone Soup version 0.17-a0-1853-ge1bd2c8 (webtiles) character file.

96 zus the Poker (level 4, -5/37 HPs)
             Began as a Merfolk Berserker on Sept 18, 2015.
             Was a Believer of Trog.
             Slain by an iguana (9 damage)
             ... on level 3 of the Dungeon on Sept 20, 2015.
             The game lasted 00:19:23 (2562 turns).

zus the Poker (Merfolk Berserker)                   Turns: 2562, Time: 00:19:23

Health: -5/37      AC:  6    Str: 20      XL:     4   Next: 67%
Magic:  4/4        EV: 12    Int:  6      God:    Trog [**....]
Gold:   78         SH:  0    Dex:  9 (11) Spells: 0 memorised, 3 levels left

rFire  . . .     SeeInvis .     a - +0 spear
rCold  . . .     Clarity  .     f - +0 ring mail
rNeg   . . .     SustAt   .     (no shield)
rPois  .         Gourm    .     b - +0 helmet
rElec  .         Spirit   .     (no cloak)
rCorr  .         Warding  .     (no gloves)
rMut   .         Stasis   .     (no boots)
MR     .....                    (no amulet)
Stlth  ..........               (no ring)
                                (no ring)

@: lethally poisoned (-5 -> -17), flying, not resistant to hostile enchantments,
extremely unstealthy
A: change form in water, swift swim, clumsy 1, strong 1, subdued magic 1
a: Burn Spellbooks, Berserk, Trog's Hand, Renounce Religion


You were on level 3 of the Dungeon.
You worshipped Trog.
Trog was pleased with you.
You were hungry.

You visited 1 branch of the dungeon, and saw 3 of its levels.

You collected 78 gold pieces.

Inventory:

Hand weapons
 a - a +0 spear (weapon)
Armour
 b - a +0 helmet (worn)
 f - a +0 ring mail (worn)
Scrolls
 e - a scroll of teleportation {unknown}
 i - a scroll of noise {unknown}
 k - a scroll of enchant weapon {unknown}
 m - a scroll of immolation {unknown}
 o - 3 scrolls of remove curse
 p - a scroll of enchant armour {unknown}
Potions
 g - a potion of degeneration
Comestibles
 c - 2 bread rations
 h - 2 fruits
 j - a beef jerky
 n - a slice of pizza


   Skills:
 + Level 4.0 Fighting
 + Level 5.1 Polearms
 + Level 2.1 Armour
 + Level 4.2 Dodging


You had 3 spell levels left.
You didn't know any spells.

Dungeon Overview and Level Annotations

Branches:
Dungeon (3/15)

Altars:


Innate Abilities, Weirdness & Mutations

You revert to your normal form in water.
You are very nimble and swift while swimming.
You are clumsy. (Dex -2)
Your muscles are strong. (Str +2)
Your spells are a little easier to cast, but a little less powerful.


Message History

The iguana barely misses you.
Drink which item? (? for menu, Esc to quit)
You can't drink that!
Drink which item? (? for menu, Esc to quit)
It was a potion of flight.
You feel very buoyant.
You fly up into the air.
The iguana bites you but does no damage.
Drink which item? (? for menu, Esc to quit)
It was a potion of mutation.
You feel extremely strange.
You feel clumsy.
Your connection to magic feels subdued.
You feel stronger. The iguana bites you.
* * * LOW HITPOINT WARNING * * *
Drink which item? (? for menu, Esc to quit)
It was a potion of poison.
That liquid tasted very nasty...
You are lethally poisoned!
* * * LOW HITPOINT WARNING * * *
You feel sick. The iguana bites you!
You die...

.. .# .# ##.
... #.# #.#
#l# #@# ##.#
#..# . #####
#.## ..
...###.#
###.###.#...#
..........###
.......<#..#
........#...#


You could see an iguana.

Vanquished Creatures
  3 adders (D:2)
  An ooze (D:1)
  A worm (D:2)
  3 giant geckos
  3 ball pythons
  A giant cockroach (D:2)
  5 hobgoblins
  13 jackals
  7 kobolds
  7 bats
  4 giant newts
  2 goblins
  6 rats
56 creatures vanquished.

Notes
Turn   | Place    | Note
--------------------------------------------------------------
     0 | D:1      | zus the Merfolk Berserker began the quest for the Orb.
     0 | D:1      | Reached XP level 1. HP: 18/18 MP: 1/1
   363 | D:1      | Reached XP level 2. HP: 17/24 MP: 2/2
   498 | D:1      | Upgraded the game from 0.17-a0-1849-g8a24fa2 to 0.17-a0-1853-ge1bd2c8
   716 | D:1      | Reached XP level 3. HP: 10/30 MP: 3/3
  1001 | D:1      | Acquired Trog's second power
  1638 | D:2      | Reached skill level 5 in Polearms
  1638 | D:2      | Reached XP level 4. HP: 33/37 MP: 4/4
  2561 | D:3      | Gained mutation: You are clumsy. (Dex -2) [potion of mutation]
  2561 | D:3      | Gained mutation: Your spells are a little easier to cast, but a little less powerful. [potion of mutation]
  2561 | D:3      | Gained mutation: Your muscles are strong. (Str +2) [potion of mutation]
  2562 | D:3      | Slain by an iguana

Vault maps used:
D:1:      eino_arrival_water_star, hangedman_feature_mirror
D:3:      nicolae_ru_great_annihilating_truth, minmay_rat_hole, uniq_terence

Action                   |  1- 3 |  4- 6 || total
-------------------------+-------+-------++-------
Melee: Spear             |   187 |    87 ||   274
Invok: Berserk           |     1 |       ||     1
  Use: Scroll            |     2 |       ||     2
       Potion            |       |     4 ||     4
  Eat: Chunk             |     4 |     2 ||     6
